 Dungeon Crawl Stone Soup version 0.30-a0-852-g08b95dd62f (webtiles) character file.

Game seed: 9584969471105425246

1829 cforsyth the Thaumaturge (level 8, -17/37 (41) HPs)
             Began as a Deep Elf Earth Elementalist on Mar 5, 2023.
             Was a Follower of Vehumet.
             Demolished by a wight
             ... wielding a +1 great sword
              (20 damage)
             ... on level 7 of the Dungeon.
             The game lasted 00:06:22 (6068 turns).

cforsyth the Thaumaturge (DEEE)                     Turns: 6068, Time: 00:06:22

HP:   -17/37 (41)   AC:  5    Str:  5    XL:     8   Next: 86%
MP:   21/25         EV: 12    Int: 23    God:    Vehumet [*.....]
Gold: 428           SH:  0    Dex: 15    Spells: 20/29 levels left

rFire   + . .      SeeInvis .    (no weapon)
rCold   . . .      Faith    .    (no shield)
rNeg    . . .      Spirit   .    a - +0 robe
rPois   +          Reflect  .    m - +0 helmet
rElec   .          Rampage  .    d - +0 cloak
rCorr   .                        (no gloves)
Will    .....                    z - +0 pair of boots
Stlth   ++                       (no amulet)
HPRegen 0.26/turn                v - ring of protection from fire
MPRegen 0.19/turn                e - ring of poison resistance

@: studying Maces & Flails, drained
A: no striking features
a: Renounce Religion


You were on level 7 of the Dungeon.
You worshipped Vehumet.
Vehumet was aware of your devotion.
You visited 2 branches of the dungeon, and saw 8 of its levels.

You collected 428 gold pieces.

Inventory:

Armour
 a - a +0 robe (worn)
 d - a +0 cloak (worn)
 m - a +0 helmet (worn)
 z - a +0 pair of boots (worn)
Jewellery
 e - a ring of poison resistance (right hand)
 u - a +6 ring of strength
 v - a ring of protection from fire (left hand)
Wands
 c - a wand of paralysis (14)
 A - a wand of roots (9)
 G - a wand of flame (21)
Scrolls
 f - 3 scrolls of blinking {unknown}
 g - 5 scrolls of noise {unknown}
 i - a scroll of brand weapon {unknown}
 j - 6 scrolls of identify {unknown}
 k - a scroll of torment {unknown}
 x - a scroll of magic mapping {unknown}
 y - a scroll of fog {unknown}
 B - 2 scrolls of poison {unknown}
 D - a scroll of immolation {unknown}
 E - 3 scrolls of fear {unknown}
Potions
 b - a potion of magic
 h - 2 potions of curing {unknown}
 l - 2 potions of brilliance {unknown}
 n - 2 potions of heal wounds {unknown}
 o - a potion of attraction {unknown}
 p - a potion of flight {unknown}
 q - a potion of berserk rage {unknown}
 r - a potion of lignification {unknown}
 s - 2 potions of might
 t - 3 potions of degeneration {unknown}
 w - a potion of ambrosia
 C - a potion of haste {unknown}
 F - 2 potions of cancellation {unknown}


   Skills:
 - Level 2.4 Dodging
 - Level 2.4 Stealth
 + Level 11.0 Spellcasting
 - Level 1.1 Transmutations
 + Level 9.5 Earth Magic


You had 20 spell levels left.
You knew the following spells:

 Your Spells              Type           Power      Damage    Failure   Level
a - Sandblast             Erth           100%       2d20      1%          1
b - Stone Arrow           Conj/Erth      68%        3d11      2%          3
c - Lee's Rapid Deconstr  Erth           27%        3d14*     2%          5

Your spell library contained the following spells:

 Spells                   Type           Power      Damage    Failure   Level
 Shock                    Conj/Air       48%        1d6       4%          1
 Passwall                 Tmut/Erth      30%        N/A       1%          2
 Necrotise                Necr           48%        1d6       4%          1
 Petrify                  Tmut/Erth      37%        N/A       5%          4
 Kindle Blastsparks       Fire/Tloc/Air  24%        2d12      16%         3
 Vampiric Draining        Necr           12%        2d6       16%         3
 Fulminant Prism          Conj/Hex       6%         3d7       45%         4
 Iskenderun's Mystic Bla  Conj/Tloc      12%        2d5       45%         4
 Agony                    Necr           12%        N/A       80%         5


Dungeon Overview and Level Annotations

Branches:
Dungeon (7/15)             Temple (1/1) D:5

Altars:
Cheibriados
Dithmenos
Elyvilon
Fedhas
Gozag
Hepliaklqana
Kikubaaqudgha
Makhleb
Nemelex Xobeh
Okawaru
Qazlal
Ru
Sif Muna
Trog
Vehumet
Wu Jian
The Shining One


Message History

You see here a wyvern corpse.
You can't see any susceptible monsters within range! (Use Z to cast anyway.)
You can't see any susceptible monsters within range! (Use Z to cast anyway.)
You can't see any susceptible monsters within range! (Use Z to cast anyway.)
A wight comes into view. It is wielding a +1 falchion.
The blast of sand hits the wight!
You destroy the wight!
Vehumet accepts your kill.
The wight throws a boomerang.
The boomerang barely misses you.
The wight throws a boomerang.
The boomerang hits you.
Your Spellcasting skill increases to level 11!
You can't see any susceptible monsters within range! (Use Z to cast anyway.)
You can't see any susceptible monsters within range! (Use Z to cast anyway.)
You can't see any susceptible monsters within range! (Use Z to cast anyway.)
A wight comes into view. It is wielding a +1 morningstar.
A wight comes into view. It is wielding a +1 great sword.
The wight moves out of view.
You can't see any susceptible monsters within range! (Use Z to cast anyway.)
You can't see any susceptible monsters within range! (Use Z to cast anyway.)
The blast of sand hits the wight.
The wight is moderately damaged.
The wight throws a boomerang.
The boomerang barely misses you.
The blast of sand hits the wight.
The wight is severely damaged.
The blast of sand hits the wight but does no damage.
The wight is severely damaged.
The blast of sand hits the wight.
The wight is almost destroyed.
The wight hits you with a +1 falchion.
The wight hits you with a +1 great sword!
You feel drained. The wight hits you with a +1 falchion.
You feel drained. The wight attacks as you move away!
The wight closely misses you.
You see here a wyvern corpse.
The wight attacks as you move away! The wight closely misses you.
The wight attacks as you move away! The wight hits you with a +1 falchion!
* * * LOW HITPOINT WARNING * * *
The wight attacks as you move away!
The wight hits you with a +1 great sword!!
Ouch! That really hurt!
You die...

.# #......# .# #......#
.# #......# .# #....).#
## #......# .. #......#
## #......# #..zz..#
###@#### #.# #.# .#.#
#.# ... #.####### ## ..#
#########........
.##.##.........#..#####.
..................#
..#### ...........# ..#
########...#


You could see 2 wights.

Vanquished Creatures
  A wyvern (D:7)
  4 ice beasts
  2 ogres (D:5)
  A phantom (D:7)
  2 bullfrogs
  2 scorpions
  A wight (D:7)
  3 howler monkeys
  4 hounds
  4 jellies
  2 sleepcaps
  5 iguanas
  Robin (D:3)
  A gnoll (D:6)
  13 adders
  A shadow imp (D:6)
  2 white imps (D:7)
  4 dart slugs
  4 orcs (D:4)
  6 bats
  9 endoplasms
  4 giant cockroaches
  4 hobgoblins
  5 quokkas
  10 ball pythons
  4 frilled lizards
  16 goblins
  11 kobolds
  7 rats
133 creatures vanquished.

Vanquished Creatures (others)
  A plant (D:3)
1 creature vanquished.

Grand Total: 134 creatures vanquished

Notes
Turn   | Place    | Note
-------+----------+-------------------------------------------
     0 | D:1      | cforsyth the Deep Elf Earth Elementalist began the quest
                  | for the Orb.
     0 | D:1      | Reached XP level 1. HP: 10/10 MP: 6/6
   128 | D:1      | Reached XP level 2. HP: 15/15 MP: 5/8
   429 | D:1      | Reached skill level 4 in Spellcasting
   581 | D:1      | Reached XP level 3. HP: 19/19 MP: 8/10
  1093 | D:2      | Reached XP level 4. HP: 5/24 MP: 7/12
  1480 | D:2      | Reached skill level 5 in Spellcasting
  1957 | D:3      | Found a burning altar of Makhleb.
  2111 | D:3      | Reached skill level 5 in Earth Magic
  2111 | D:3      | Reached XP level 5. HP: 28/28 MP: 10/14
  2620 | D:3      | Noticed Robin
  2624 | D:3      | Killed Robin
  3140 | D:4      | Reached skill level 6 in Spellcasting
  3188 | D:4      | Reached XP level 6. HP: 32/32 MP: 13/17
  3482 | D:4      | Found a snail-covered altar of Cheibriados.
  3899 | D:5      | Entered Level 5 of the Dungeon
  3915 | D:5      | Found a staircase to the Ecumenical Temple.
  3924 | Temple   | Entered the Ecumenical Temple
  3932 | Temple   | Became a worshipper of Vehumet
  3943 | D:5      | Reached skill level 7 in Spellcasting
  4130 | D:5      | Reached XP level 7. HP: 36/36 MP: 17/20
  4619 | D:5      | Reached skill level 8 in Spellcasting
  5050 | D:6      | Learned a level 3 spell: Stone Arrow
  5058 | D:6      | Learned a level 5 spell: Lee's Rapid Deconstruction
  5287 | D:6      | Reached skill level 9 in Spellcasting
  5322 | D:6      | Reached XP level 8. HP: 41/41 MP: 20/23
  5495 | D:6      | Reached * piety under Vehumet
  5495 | D:6      | Offered knowledge of Shock by Vehumet.
  5810 | D:7      | Reached skill level 10 in Spellcasting
  6060 | D:7      | Reached skill level 11 in Spellcasting
  6068 | D:7      | Demolished by a wight

Illustrated notes

Levels and vault maps discovered:
D:1:      lemuel_arrival_hallway, layout_basic, minmay_misc_feat_encased,
          minmay_unequal
D:2:      layout_basic, st_stairs_4, dk_vineyard_1
D:3:      layout_basic, mainiacjoe_overflow_boulevard, uniq_robin
D:4:      layout_loops_ring, kennysheep_little_box, feat_on_display
D:5:      layout_basic, minmay_temple_entry_junction_2, kennysheep_boxes
D:6:      layout_gridville, hangedman_abyss_or_decor_lesser_grid,
          grunt_tough_drop
D:7:      layout_basic, dreamdust_wishing_well, nicolae_shop_gadgets
Temple:   nicolae_temple_no_exploring_needed

Skill      XL: |  1  2  3  4  5  6  7  8 |
---------------+-------------------------+-----
Spellcasting   | 4 5 6 7 9 11 | 11.0
Earth Magic    | 4 5 6 7 9 |  9.5
Dodging        | |  2.4
Stealth        | |  2.4
Transmutations | |  1.1

Action                     |  1- 3 |  4- 6 |  7- 9 || total
---------------------------+-------+-------+-------++-------
  Melee: Unarmed           |     4 |       |       ||     4
   Cast: Sandblast         |    60 |    91 |    69 ||   220
    Use: Potion            |       |     2 |       ||     2
 Armour: Robe              |     7 |     5 |     5 ||    17
  Dodge: Dodged            |    18 |    12 |    25 ||    55

Table legend: (Time is in decaauts)
 A = Elapsed time spent in this place.
 B = Non-inter-level travel time spent in this place.
 C = Inter-level travel time spent in this place.
 D = Time resting spent in this place.
 E = Time spent auto-exploring this place.
 F = Levels seen in this place.
 G = Mean time per level.
                   A        B        C        D        E       F      G
               +--------+--------+--------+--------+--------+-----+--------+
         Total |   6178 |   6018 |    160 |    271 |   4935 |   8 |  772.2 |
       Dungeon |   6162 |   6009 |    153 |    271 |   4935 |   7 |  880.3 |
        Temple |     15 |      8 |      7 |      0 |      0 |   1 |   15.0 |
               +--------+--------+--------+--------+--------+-----+--------+

Top non-repeatable levels by time:
     D:3: 1309 daAuts
     D:5: 1027 daAuts
     D:2: 951 daAuts
     D:1: 924 daAuts
     D:6: 867 daAuts
     D:4: 785 daAuts
     D:7: 297 daAuts
  Temple: 15 daAuts
